 Dungeon Crawl Stone Soup version 0.30.1-5-ged363bc7ee (webtiles) character file.

Game seed: 2989318879566818052

17 ChiefBigBeans the Shield-Bearer (level 2, -1/24 HPs)
             Began as a Formicid Fighter on Sept 19, 2023.
             Slain by a frilled lizard (2 damage)
             ... on level 1 of the Dungeon.
             The game lasted 00:00:44 (366 turns).

ChiefBigBeans the Shield-Bearer (Formicid Fighter)   Turns: 366, Time: 00:00:45

Health: -1/24      AC:  8    Str: 20    XL:     2   Next: 80%
Magic:  2/2        EV:  9    Int:  7    God:
Gold:   49         SH:  5    Dex: 13    Spells: 1/1 levels left

rFire   . . .        a - +0 long sword
rCold   . . .        c - +0 buckler
rNeg    . . .        b - +0 scale mail
rPois   .            (helmet unavailable)
rElec   .            h - +0 cloak
rCorr   .            (no gloves)
SInv    +            (no boots)
Will    .....        (no amulet) Stlth
                     (no ring)
HPRegen 0.24/turn    (no ring)
MPRegen 0.08/turn

%: no passive effects
@: no status effects
A: permanent stasis, dig shafts and tunnels, antennae 3, four strong arms
a: Dig, Shaft Self


You were on level 1 of the Dungeon.
You visited 1 branch of the dungeon, and saw 1 of its levels.

You collected 49 gold pieces.

Inventory:

Hand Weapons
 a - a +0 long sword (weapon)
Armour
 b - a +0 scale mail (worn)
 c - a +0 buckler (worn)
 h - a +0 cloak (worn)
Scrolls
 g - a scroll of fog {unknown}
 i - 2 scrolls of fear {unknown}
Potions
 d - a potion of might
 e - 2 potions of curing {unknown}
 f - a potion of lignification {unknown}


   Skills:
 + Level 3.5 Fighting
 + Level 2.2 Long Blades
 + Level 3.5 Armour
 + Level 4.3 Shields


You had one spell level left.
You didn't know any spells.
Your spell library was empty.

Dungeon Overview and Level Annotations

Branches:
Dungeon (1/15)

Altars:


Innate Abilities, Weirdness & Mutations

You cannot be hasted, slowed, berserked, paralysed or teleported.
You can dig through walls and to a lower floor.
You have a pair of large antennae on your head. (SInv)
Your four strong arms can wield two-handed weapons with a shield.


Message History

You barely miss the bat. The bat hits you but does no damage. x2
The frilled lizard bites you but does no damage.
The rat bites you but does no damage. The bat hits you but does no damage.
You block the bat's attack. The frilled lizard barely misses you.
The rat closely misses you.
You miss the bat. The bat hits you but does no damage.
The frilled lizard bites you but does no damage.
The rat twitches its whiskers.
The rat bites you but does no damage.
You closely miss the bat. The bat hits you but does no damage.
The frilled lizard bites you.
* * * LOW HITPOINT WARNING * * *
You block the rat's attack. The rat closely misses you.
The frilled lizard bites you but does no damage.
The bat barely misses you.
The bat enters a dispersal trap!
The rat blinks!
The frilled lizard blinks!
The rat blinks!
The frilled lizard blinks!
You feel a strange sense of stasis.
The bat blinks!
The bat enters a dispersal trap!
The frilled lizard blinks!
The rat blinks! x2
You feel a strange sense of stasis.
The bat blinks!
The bat hits you but does no damage. You block the bat's attack.
Found a whip.
The bat hits you but does no damage. The frilled lizard bites you.
* * * LOW HITPOINT WARNING * * *
You block the bat's attack. The frilled lizard barely misses you.
The rat bites you.
* * * LOW HITPOINT WARNING * * *
You closely miss the frilled lizard. The bat hits you but does no damage.
The rat closely misses you.
The frilled lizard bites you but does no damage.
The bat hits you but does no damage.
You closely miss the frilled lizard. The frilled lizard barely misses you.
You block the bat's attack. The rat bites you.
* * * LOW HITPOINT WARNING * * *
The frilled lizard bites you but does no damage.
The rat bites you.
* * * LOW HITPOINT WARNING * * *
You hit the frilled lizard but do no damage.
The bat hits you but does no damage. The frilled lizard bites you.
You die...

.########## ##
........... ...
#.#####.### ....## #
### #.###
......######.###.
...#...#
.....#......#.....
#.###.#
.....#............
...#.. ..
#........b.... #.#.# #.
#.....@....... #...#
#.##....rl.?..... #####
#..#..†..^.......
#.#.............
#..#..........).
#########.##.....#.....
#......##.########.###.
#......##.# (#
#......##.# ####.#


You could see a bat, a frilled lizard and a rat.

Vanquished Creatures
  A dart slug (D:1)
  2 ball pythons (D:1)
  3 endoplasms (D:1)
  A giant cockroach (D:1)
  2 hobgoblins (D:1)
  2 bats (D:1)
  A goblin (D:1)
  2 kobolds (D:1)
  A rat (D:1)
15 creatures vanquished.

Notes
Turn   | Place    | Note
-------+----------+-------------------------------------------
     0 | D:1      | ChiefBigBeans the Formicid Fighter began the quest for the
                  | Orb.
     0 | D:1      | Reached XP level 1. HP: 18/18 MP: 1/1
   214 | D:1      | Reached XP level 2. HP: 24/24 MP: 2/2
   229 | D:1      | Found a faded altar of an unknown god.
   365 | D:1      | HP: 1/24 [rat (2)]
   366 | D:1      | Slain by a frilled lizard

Illustrated notes

Levels and vault maps discovered:
D:1:      elethiomel_arrival_maze, layout_rooms,
          hellmonk_ecumenical_altar_lost_god

Action                     || total
---------------------------++-------
  Melee: Long sword        ||    47
 Armour: Scale mail        ||    53
  Dodge: Dodged            ||    27
  Block: Buckler           ||    21
